 Dungeon Crawl Stone Soup version 0.20-a0-303-g575bbf7 (webtiles) character file.

20217 holy777 the Black Sun (level 12, 0/81 HPs)
             Began as a Vampire Necromancer on Dec 16, 2016.
             Was a High Priest of Kikubaaqudgha.
             Slain by a 13-headed hydra (6 damage)
             ... on level 13 of the Dungeon on Dec 17, 2016.
             The game lasted 01:38:32 (13834 turns).

holy777 the Black Sun (Vampire Necromancer)        Turns: 13834, Time: 01:38:33

Health: 0/81       AC:  5    Str:  7    XL:     12   Next: 43%
Magic:  15/26      EV: 18    Int: 22    God:    Kikubaaqudgha [*****.]
Gold:   191        SH:  0    Dex: 15    Spells: 1/31 levels left

rFire  + . .     SeeInvis +     J - +7 broad axe "Ziquit" {chop, +Blink rC+}
rCold  + + .     Gourm    .     G - +2 robe {rC+}
rNeg   + . .     Faith    .     (no shield)
rPois  .         Spirit   .     (no helmet)
rElec  .         Reflect  .     s - -4 cloak of Athuug {rF+ MR++ Slay+2} (curse)
rCorr  .         Harm     .     u - +0 pair of gloves
MR     +++..                    f - +2 pair of boots
Stlth  +++++.....               e - amulet of regeneration
                                (no ring)
                                y - ring of flight

@: regenerating
A: fangs 3, camouflage 1, see invisible, unbreathing
a: Bat Form, Receive Corpses, Torment, Renounce Religion, Evoke Blink, Evoke
Flight


You were on level 13 of the Dungeon.
You worshipped Kikubaaqudgha.
Kikubaaqudgha was extremely pleased with you.
You were not thirsty.

You visited 3 branches of the dungeon, and saw 15 of its levels.

You collected 733 gold pieces.
You spent 542 gold pieces at shops.

Inventory:

Hand Weapons
 d - a +4 vampiric dagger
 J - the +7 broad axe "Ziquit" (weapon) {chop, +Blink rC+}
   (You bought it in a shop on level 12 of the Dungeon)

   It inflicts extra damage upon your enemies.
   It protects you from cold.
   It lets you blink.
Missiles
 l - 20 poisoned needles
 I - a throwing net (quivered)
Armour
 f - a +2 pair of boots (worn)
 s - the cursed -4 cloak of Athuug (worn) {rF+ MR++ Slay+2}
   (You bought it in a shop on level 7 of the Dungeon)

   It affects your accuracy and damage with ranged weapons and melee attacks
   (+2).
   It protects you from fire.
   It affects your resistance to hostile enchantments.
   It has a curse placed upon it.
 u - a +0 pair of gloves (worn)
 G - a +2 robe of cold resistance (worn)
Magical Staves
 c - an uncursed staff of earth {unknown}
Jewellery
 e - an amulet of regeneration (around neck)
 w - an uncursed amulet of magic regeneration
 y - a ring of flight (left hand)
 z - an uncursed ring of ice
Wands
 r - a wand of disintegration (15/24)
 v - a wand of random effects (23/48)
 B - a wand of flame (30/48)
 E - a wand of enslavement (6/24)
 F - a wand of confusion (16/48)
 M - a wand of digging (17/24)
Scrolls
 a - a scroll of fog
 h - 2 scrolls of amnesia
 j - 4 scrolls of identify
 n - a scroll of recharging
 D - 5 scrolls of remove curse
 K - 2 scrolls of enchant weapon
Potions
 g - a potion of magic
 i - 4 potions of curing
 k - a potion of ambrosia
 m - a potion of brilliance
 q - a potion of haste
 x - 2 potions of agility
 H - a potion of cancellation {unknown}
Books
 b - a book of Necromancy

   Spells                             Type                      Level
   a - Pain                           Necromancy                   1
   b - Animate Skeleton               Necromancy                   1
   c - Vampiric Draining              Necromancy                   3
   d - Regeneration                   Charms/Necromancy            3
   e - Animate Dead                   Necromancy                   4
   f - Control Undead                 Necromancy                   4
 o - a book of Misfortune

   Spells                             Type                      Level
   a - Confusing Touch                Hexes                        1
   b - Confuse                        Hexes                        3
   c - Gell's Gravitas                Hexes/Translocation          3
   d - Petrify                        Transmutation/Earth          4
   e - Metabolic Englaciation         Hexes/Ice                    5
   f - Yara's Violent Unravelling     Hexes/Transmutation          5
 p - Kikubaaqudgha's Volume of Necromancy
   (Kikubaaqudgha gifted it to you on level 6 of the Dungeon)

   Spells                             Type                      Level
   a - Animate Skeleton               Necromancy                   1
   b - Corpse Rot                     Necromancy                   2
   c - Sublimation of Blood           Necromancy                   2
   d - Regeneration                   Charms/Necromancy            3
   e - Control Undead                 Necromancy                   4
 t - a book of Conjurations

   Spells                             Type                      Level
   a - Magic Dart                     Conjuration                  1
   b - Searing Ray                    Conjuration                  2
   c - Dazzling Spray                 Conjuration/Hexes            3
   d - Fulminant Prism                Conjuration/Hexes            4
   e - Iskenderun's Mystic Blast      Conjuration                  4
   f - Iskenderun's Battlesphere      Conjuration/Charms           5
 C - Kikubaaqudgha's Reference Book on Dark Rituals
   (Kikubaaqudgha gifted it to you on level 9 of the Dungeon)

   Spells                             Type                      Level
   a - Excruciating Wounds            Charms/Necromancy            5
   b - Bolt of Draining               Conjuration/Necromancy       5
   c - Cigotuvi's Embrace             Necromancy                   5
   d - Dispel Undead                  Necromancy                   5
   e - Death Channel                  Necromancy                   6
Miscellaneous
 A - a lamp of fire (inert)


   Skills:
 + Level 3.2 Fighting
 + Level 4.8 Short Blades
 + Level 2.5 Axes
 * Level 9.5 Dodging
 + Level 9.8 Stealth
 + Level 10.2 Spellcasting
 * Level 11.2 Hexes
 + Level 0.7 Charms
 + Level 11.7 Necromancy
 + Level 0.5 Evocations


You had one spell level left.
You knew the following spells:

 Your Spells              Type           Power        Failure   Level  Hunger
a - Pain                  Necr           ####         1%          1    None
b - Vampiric Draining     Necr           ######....   1%          3    None
c - Control Undead        Necr           ######....   1%          4    ##.....
d - Regeneration          Chrm/Necr      #####.....   1%          3    None
e - Confuse               Hex            ######..     1%          3    None
f - Sublimation of Blood  Necr           ######....   1%          2    None
g - Corpse Rot            Necr           N/A          1%          2    None
h - Animate Dead          Necr           N/A          1%          4    ##.....
i - Dazzling Spray        Conj/Hex       #####.       1%          3    None
j - Cigotuvi's Embrace    Necr           ######....   1%          5    ####...


Dungeon Overview and Level Annotations

Branches:
Dungeon (13/15)            Temple (1/1) D:6            Lair (1/6) D:8
    Orc (0/2) D:9
 Vaults: D:13-14

Altars:
Ashenzari
Cheibriados
Dithmenos
Elyvilon
Fedhas
Gozag
Kikubaaqudgha
Makhleb
Nemelex Xobeh
Okawaru
Qazlal
Ru
Sif Muna
Trog
Uskayaw
Vehumet
Xom
Yredelemnul
Zin
The Shining One

Shops:
D:7 [   D:10 *   D:12 (

Annotations:
D:3 kal9871's ghost, amateur GrEE
D:5 Grinder
D:8 durraq's ghost, novice MiSk


Innate Abilities, Weirdness & Mutations

You have razor-sharp teeth.
You have supernaturally acute eyesight. (SInv)
You can survive without breathing.
Your skin changes colour to match your surroundings (Stealth+).


Message History

Casting: Vampiric Draining
Confirm with . or Enter, or press ? or * to list all spells.
Your skin crawls.
Your big kobold zombie hits the 13-headed hydra but does no damage.
Things that are here:
a dagger; a robe
Casting: Regeneration
Confirm with . or Enter, or press ? or * to list all spells.
Okay, then.
The 13-headed hydra seems less confused.
Your kobold zombie barely misses the 13-headed hydra.
The 13-headed hydra bites you but does no damage.
The 13-headed hydra bites you!
* * * LOW HITPOINT WARNING * * *
The 13-headed hydra bites you but does no damage.
The 13-headed hydra bites you.
* * * LOW HITPOINT WARNING * * *
The 13-headed hydra bites you.
You die...
Kikubaaqudgha rasps: "You have failed me!
Welcome... oblivion!"

#..# #..#
#..# #..#
#..# #..#
#ZD# #Z@#
#.)# #
#..# .#
....#.#
#..##..##
....#.#
#........
....#.#
#..##..##
.#....#
#..# .#
......#
#..# #
......#
#..# ###
.


You could see a 13-headed hydra, a friendly kobold zombie and a friendly big
kobold zombie.

Vanquished Creatures
  Harold (D:12)
  Erolcha (D:12)
  Fannar (D:11)
  6 two-headed ogres
  Nergalle (D:12)
  Pikel (D:5)
  A salamander (shapeshifter) (D:13)
  An ugly thing (D:11)
  Maurice (D:10)
  A kobold demonologist (D:13)
  A komodo dragon (D:12)
  2 slime creatures
  2 hippogriffs
  A shadow (D:12)
  Sigmund (D:6)
  16 yaks
  A wyvern (D:10)
  A hog (shapeshifter) (D:13)
  A chaos spawn (D:9)
  3 hungry ghosts
  4 vampire mosquitoes
  An acid dragon (D:12)
  A porcupine (D:8)
  8 orc warriors
  4 ice beasts
  5 sky beasts
  A necrophage (D:8)
  2 black bears
  2 phantoms
  7 ogres
  4 centaurs
  A crocodile (D:8)
  2 big kobolds
  9 bullfrogs
  A gnoll sergeant (D:10)
  2 wyvern skeletons
  5 scorpions
  3 killer bees (D:11)
  2 wights (D:8)
  5 howler monkeys
  A bullfrog zombie (D:8)
  4 crimson imps
  3 quasits
  2 centaur zombies
  4 hounds
  2 jellies
  15 orc wizards
  6 orc priests
  A centaur skeleton (D:8)
  4 iguanas
  4 worker ants
  3 ogre zombies (D:9)
  A hound zombie (D:5)
  8 gnolls
  13 adders
  3 shadow imps
  An adder zombie (D:6)
  A worm (D:2)
  A dart slug (D:1)
  4 leopard geckos
  46 orcs
  A giant cockroach (D:3)
  7 goblins
  5 hobgoblins
  8 jackals
  4 quokkas
  10 bats
  4 frilled lizards
  A goblin skeleton (D:9)
  14 kobolds
  A leopard gecko skeleton (D:4)
  An orc skeleton (D:9)
  11 orc zombies (D:9)
  3 rats
310 creatures vanquished.

Vanquished Creatures (collateral kills)
  2 two-headed ogres
  A manticore (D:11)
  A cyclops (D:11)
  A gargoyle (D:10)
  A wraith (D:9)
  3 yaks
  A hungry ghost (D:11)
  A wyvern (D:12)
  2 vampire mosquitoes
  A chaos spawn (D:9)
  An orc warrior (D:11)
  An ogre (D:9)
  A crocodile (D:8)
  A gnoll sergeant (D:11)
  A scorpion (D:12)
  2 wights (D:8)
  A crimson imp (D:9)
  A bullfrog zombie (D:11)
  A jelly (D:12)
  2 orc priests
  An iguana (D:11)
  3 orc wizards
  3 ogre zombies (D:9)
  2 gnolls (D:11)
  An adder (D:11)
  A shadow imp (D:9)
  An adder zombie (D:8)
  7 orcs
  An orc skeleton (D:9)
  5 orc zombies (D:9)
51 creatures vanquished.

Vanquished Creatures (others)
  A worker ant zombie (D:5)
  An orc (D:5)
  A fungus (D:8)
  3 plants (D:8)
6 creatures vanquished.

Grand Total: 367 creatures vanquished

Notes
Turn   | Place    | Note
-------+----------+-------------------------------------------
     0 | D:1      | holy777 the Vampire Necromancer began the quest for the Orb.
     0 | D:1      | Reached XP level 1. HP: 13/13 MP: 3/3
     2 | D:1      | Learned a level 1 spell: Animate Skeleton
   150 | D:1      | Reached XP level 2. HP: 19/19 MP: 5/5
   199 | D:1      | Reached skill level 5 in Necromancy
   472 | D:1      | Reached XP level 3. HP: 19/24 MP: 4/6
   477 | D:1      | Learned a level 3 spell: Vampiric Draining
   555 | D:1      | Found a glowing golden altar of the Shining One.
  1068 | D:2      | Found a faded altar of an unknown god.
  1172 | D:2      | Reached XP level 4. HP: 23/30 MP: 0/7
  1188 | D:2      | Reached skill level 1 in Short Blades
  1814 | D:3      | Found a burning altar of Makhleb.
  1852 | D:3      | Noticed kal9871's ghost (amateur GrEE)
  1890 | D:3      | Found a snail-covered altar of Cheibriados.
  1944 | D:3      | Found a basalt altar of Yredelemnul.
  2085 | D:3      | Learned a level 4 spell: Control Undead
  2408 | D:4      | Gained mutation: Your skin changes colour to match your surroundings (Stealth+). [potion of mutation]
  2408 | D:4      | Gained mutation: Your magical capacity is low. (-10% MP) [potion of mutation]
  2436 | D:4      | Reached XP level 5. HP: 30/35 MP: 3/8
  2490 | D:4      | Lost mutation: Your magical capacity is low. (-10% MP) [potion of cure mutation]
  2650 | D:4      | Found a shattered altar of Ashenzari.
  2890 | D:5      | Entered Level 5 of the Dungeon
  2987 | D:5      | Noticed an ice beast
  3090 | D:5      | Found a deep blue altar of Sif Muna.
  3132 | D:5      | Found a shattered altar of Ashenzari.
  3199 | D:5      | Noticed a slave
  3202 | D:5      | Noticed a slave
  3203 | D:5      | Noticed a slave
  3204 | D:5      | Noticed a slave
  3205 | D:5      | Noticed Pikel
  3247 | D:5      | Noticed Grinder
  3679 | D:5      | Reached XP level 6. HP: 41/42 MP: 7/10
  3684 | D:5      | Learned a level 3 spell: Regeneration
  3866 | D:5      | Killed Pikel
  3866 | D:5      | Reached skill level 1 in Fighting
  3866 | D:5      | Reached XP level 7. HP: 31/48 MP: 0/13
  3871 | D:5      | Learned a level 3 spell: Confuse
  4328 | D:5      | Reached skill level 1 in Hexes
  4441 | D:5      | Reached XP level 8. HP: 46/54 MP: 10/15
  4510 | D:6      | Noticed Sigmund
  4526 | D:6      | Killed Sigmund
  4526 | D:6      | Reached skill level 5 in Spellcasting
  4573 | D:6      | Found a staircase to the Ecumenical Temple.
  4596 | Temple   | Entered the Ecumenical Temple
  4636 | Temple   | Became a worshipper of Kikubaaqudgha
  4863 | D:6      | Reached skill level 5 in Dodging
  5009 | D:6      | Found a glowing silver altar of Zin.
  5250 | D:6      | Found an opulent altar of Gozag.
  5350 | D:6      | Reached skill level 5 in Stealth
  5404 | D:6      | Found a white marble altar of Elyvilon.
  5465 | D:6      | Reached * piety under Kikubaaqudgha
  5465 | D:6      | Identified Kikubaaqudgha's Volume of Necromancy (Kikubaaqudgha gifted it to you on level 6 of the Dungeon)
  5465 | D:6      | Received a gift from Kikubaaqudgha
  5470 | D:6      | Learned a level 2 spell: Sublimation of Blood
  5815 | D:7      | Reached XP level 9. HP: 53/59 MP: 3/17
  5958 | D:7      | Reached skill level 5 in Hexes
  6074 | D:7      | Learned a level 2 spell: Corpse Rot
  6146 | D:7      | Found Ecaosueg's Antique Armour Emporium.
  6149 | D:7      | Bought a faintly humming cloak for 218 gold pieces
  6159 | D:7      | Identified the cursed -4 cloak of Athuug {rF+ MR++ Slay+2} (You bought it in a shop on level 7 of the Dungeon)
  6494 | D:7      | Found a bloodstained altar of Trog.
  6698 | D:8      | Found a sparkling altar of Nemelex Xobeh.
  6793 | D:8      | Noticed a two-headed ogre
  6887 | D:8      | Noticed a two-headed ogre
  6947 | D:8      | Found a staircase to the Lair.
  7553 | D:8      | Noticed durraq's ghost (novice MiSk)
  7571 | D:8      | Found a blossoming altar of Fedhas.
  7640 | D:8      | Reached ** piety under Kikubaaqudgha
  7702 | D:8      | Killed a two-headed ogre
  7702 | D:8      | Reached XP level 10. HP: 48/65 MP: 8/20
  7969 | D:8      | Learned a level 4 spell: Animate Dead
  8001 | D:8      | Killed a two-headed ogre
  8337 | Lair:1   | Entered Level 1 of the Lair of Beasts
  9050 | D:9      | Found a shimmering altar of Xom.
  9088 | D:9      | Found a staircase to the Orcish Mines.
  9136 | D:9      | Reached *** piety under Kikubaaqudgha
  9136 | D:9      | Identified Kikubaaqudgha's Reference Book on Dark Rituals (Kikubaaqudgha gifted it to you on level 9 of the Dungeon)
  9136 | D:9      | Received a gift from Kikubaaqudgha
  9313 | D:9      | Reached skill level 10 in Necromancy
  9389 | D:9      | Noticed a two-headed ogre
  9425 | D:9      | Killed a two-headed ogre
  9617 | D:10     | Entered Level 10 of the Dungeon
  9771 | D:10     | Reached **** piety under Kikubaaqudgha
  9817 | D:10     | Found Onoc's Assorted Antiques.
  9964 | D:10     | Noticed Maurice
  9966 | D:10     | Noticed a gargoyle
  9983 | D:10     | Killed a gargoyle
  9985 | D:10     | Killed Maurice
  9985 | D:10     | Reached XP level 11. HP: 70/70 MP: 6/23
 10049 | D:10     | Learned a level 3 spell: Dazzling Spray
 10056 | D:10     | Noticed a two-headed ogre
 10074 | D:10     | Killed a two-headed ogre
 10815 | D:11     | Noticed a two-headed ogre
 10837 | D:11     | Killed a two-headed ogre
 10918 | D:11     | Noticed Fannar
 10926 | D:11     | Killed Fannar
 11229 | D:11     | Noticed a two-headed ogre
 11240 | D:11     | Killed a two-headed ogre
 11240 | D:11     | Reached skill level 10 in Hexes
 11431 | D:11     | Noticed a brown ugly thing
 11446 | D:11     | Killed a brown ugly thing
 12173 | D:12     | Noticed Erolcha
 12330 | D:12     | Found Yppu's Antique Weapon Emporium.
 12352 | D:12     | Noticed Harold
 12363 | D:12     | Killed Harold
 12363 | D:12     | Reached XP level 12. HP: 69/80 MP: 4/25
 12370 | D:12     | Learned a level 5 spell: Cigotuvi's Embrace
 12382 | D:12     | Bought a pitted broad axe for 324 gold pieces
 12382 | D:12     | Identified the +7 broad axe "Ziquit" {chop, +Blink rC+} (You bought it in a shop on level 12 of the Dungeon)
 12480 | D:12     | Reached ***** piety under Kikubaaqudgha
 12495 | D:12     | Found a glowing silver altar of Zin.
 12497 | D:12     | Killed Erolcha
 12727 | D:12     | Reached skill level 1 in Axes
 12746 | D:12     | Noticed Nergalle
 12758 | D:12     | Killed Nergalle
 12758 | D:12     | Reached skill level 10 in Spellcasting
 12827 | D:12     | Noticed a two-headed ogre
 13033 | D:12     | Noticed a two-headed ogre
 13165 | D:12     | Killed a two-headed ogre
 13214 | D:12     | Killed a two-headed ogre
 13810 | D:13     | Noticed a six-headed hydra
 13834 | D:13     | Slain by a 13-headed hydra

Vault maps used:
D:1:      minmay_arrival_five_plusses, tso_altar
D:2:      chequers_ecumenical_altar_lobes
D:3:      makhleb_heckhound_becter, lemuel_crystal_altar, kennysheep_slug_shrine
D:4:      kennysheep_mini_moat
D:5:      wad_crossroads, lemuel_blue_sif_altar, first_bread,
          evilmike_ruin_ashenzari, uniq_pikel, uniq_grinder
D:6:      elyvilon_altar_1, kennysheep_little_box,
          lemuel_coloured_pillars_altar, nicolae_overflow_hidden_temple,
          uniq_sigmund
D:7:      lightli_temple_of_fire, serial_shops, nicolae_shop_window_shopping,
          corexii_corridor_pit, grunt_ogre_cave
D:8:      kennysheep_mini, minmay_lair_entry_grove, basic_altar, minmay_bent
D:9:      zombieorc1_lemuel, st_stairs_8, minmay_guarded_unrand_variability
D:10:     serial_shops, nicolae_shop_statue_plus, dk_noncrumbling_3,
          grunt_decor_resistance, uniq_maurice
D:11:     uniq_fannar
D:12:     serial_shops, nicolae_shop_crystal, basic_altar, uniq_harold,
          uniq_erolcha, uniq_nergalle
D:13:     david_vaults_4
Temple:   kb_temple_of_zot
Lair:1:   ldierk_geyser, kennysheep_rathole

Skill      XL: |  1  2  3  4  5  6  7  8  9 10 11 12 |
---------------+-------------------------------------+-----
Necromancy     | 5 6 7 8 9 10 11 | 11.7
Short Blades   | 1 2 3 4 |  4.8
Dodging        | 3 4 5 6 7 9 |  9.5
Spellcasting   | 3 4 5 6 8 9 10 | 10.2
Stealth        | 4 5 7 9 |  9.8
Fighting       | 1 2 3 |  3.2
Hexes          | 1 4 6 8 10 11 | 11.2
Axes           | 2 |  2.5
Charms         | |  0.7
Evocations     | |  0.5

Action                   |  1- 3 |  4- 6 |  7- 9 | 10-12 || total
-------------------------+-------+-------+-------+-------++-------
Melee: Dagger            |    67 |    96 |   421 |   437 ||  1021
       Bite              |     7 |    12 |    40 |    49 ||   108
       Unarmed           |       |    39 |     1 |     6 ||    46
       Broad axe         |       |       |       |   106 ||   106
 Cast: Pain              |    39 |    60 |    93 |   171 ||   363
       Animate Skeleton  |     1 |       |       |       ||     1
       Control Undead    |       |     3 |    14 |    29 ||    46
       Vampiric Draining |       |     2 |    20 |    89 ||   111
       Confuse           |       |       |    19 |    33 ||    52
       Sublimation of Bl |       |       |    16 |    56 ||    72
       Regeneration      |       |       |     4 |    26 ||    30
       Corpse Rot        |       |       |     1 |     1 ||     2
       Animate Dead      |       |       |       |    40 ||    40
       Dazzling Spray    |       |       |       |     3 ||     3
       Cigotuvi's Embrac |       |       |       |     1 ||     1
Invok: Receive Corpses   |       |       |     1 |     8 ||     9
 Abil: End Transformatio |       |    10 |    13 |    10 ||    33
       Bat Form          |       |    10 |    13 |    10 ||    33
       Evoke Blink       |       |       |       |     2 ||     2
Evoke: Lamp of fire      |       |       |       |     1 ||     1
  Use: Scroll            |     5 |     6 |     5 |     7 ||    23
       Potion            |     4 |     5 |     3 |     6 ||    18
 Stab: Sleeping          |     1 |     4 |     8 |    16 ||    29
       Confused          |       |       |     7 |    13 ||    20
       Distracted        |       |       |       |     5 ||     5
  Eat: Corpse            |     5 |     7 |    13 |    25 ||    50
Armor: Robe              |    20 |    22 |    69 |    73 ||   184
Dodge: Dodged            |    48 |   352 |   257 |   481 ||  1138
Block: Other             |       |       |       |     1 ||     1
